 Dungeon Crawl Stone Soup version 0.24.0-37-gcf1ca852f1 (webtiles) character file.

Game seed: 5719670574532241864, levelgen mode: deterministic

84 PentaManta the Cudgeler (level 4, 0/29 HPs)
             Began as a Gargoyle Monk on Dec 2, 2019.
             Slain by a jelly (2 damage)
             ... on level 3 of the Dungeon.
             The game lasted 00:05:06 (2712 turns).

PentaManta the Cudgeler (Gargoyle Monk)             Turns: 2712, Time: 00:05:06

Health: 0/29       AC:  3    Str: 15    XL:     4   Next: 46%
Magic:  4/4        EV: 12    Int: 11    God:
Gold:   131        SH:  0    Dex: 12    Spells: 3/3 levels left

rFire    . . .     SeeInvis .   d - +0 whip
rCold    . . .     Gourm    .   (no shield)
rNeg     + . .     Faith    .   e - +1 leather armour
rPois    ∞         Spirit   .   (no helmet)
rElec    +         Reflect  .   (no cloak)
rCorr    .         Harm     .   (no gloves)
MR       +....                  (no boots)
Stlth    ++........             k - amulet of the acrobat
HPRegen  0.09/turn              f - ring of protection from magic
MPRegen  0.09/turn              m - -3 ring of slaying (curse)

@: corroded
A: negative energy resistance 1, electricity resistance, unbreathing,
petrification resistance, rot immunity, AC +3
a: no special abilities


You were on level 3 of the Dungeon.
You were not hungry.

You visited 1 branch of the dungeon, and saw 3 of its levels.

You collected 131 gold pieces.

Inventory:

Hand Weapons
 b - a +1 flail
 d - a +0 whip (weapon)
Armour
 e - a +1 leather armour (worn)
Jewellery
 f - a ring of protection from magic (left hand)
 k - an amulet of the acrobat (around neck)
 m - a cursed -3 ring of slaying (right hand)
Scrolls
 g - a scroll of enchant armour
 h - a scroll of teleportation
Potions
 i - a potion of agility
 l - a potion of haste {unknown}
Comestibles
 c - 3 rations


   Skills:
 - Level 3.7 Fighting
 * Level 4.0 Maces & Flails
 + Level 1.4 Armour
 + Level 2.9 Dodging
 - Level 2.4 Stealth


You had 3 spell levels left.
You didn't know any spells.
Your spell library was empty.

Dungeon Overview and Level Annotations

Branches:
Dungeon (3/15)

Altars:
Gozag


Innate Abilities, Weirdness & Mutations

You are resistant to torment.
Your stone body is resilient. (AC +3)
You are immune to poison.
You resist negative energy. (rN+)
You are resistant to electric shocks. (rElec)
You can survive without breathing.
You are immune to petrification.
You are immune to rotting.


Message History

You hit the jelly. The acid corrodes you!
Your hands burn!
The jelly is moderately wounded.
The jelly barely misses you.
You hit the jelly but do no damage.
Your hands burn!
The jelly is moderately wounded.
The jelly closely misses you.
You hit the jelly.
Your hands burn!
The jelly is moderately wounded.
The jelly hits you but does no damage.
You hit the jelly but do no damage.
Your hands burn!
The jelly is moderately wounded.
You hit the jelly.
Your hands burn!
The jelly is heavily wounded.
The jelly hits you.
You are splashed with acid.
* * * LOW HITPOINT WARNING * * *
You hit the jelly.
Your hands burn!
* * * LOW HITPOINT WARNING * * *
The jelly is heavily wounded.
The jelly hits you.
You die...

#.# #.# #########
#####.# #.......#
#.....## #.#####.#
#......#####.#####.#
##
#................#.#
.##
#......#####.###.#.#
..###.)....## #J#
#.#.# .......†....#
#@###.#.#
..######...##
#.......# .## ##.##
#####.### ### #.#
#...### ..# #.#
#.....# #.# #+##
#...#.# #.# ##...##
#####.# #.#
##.....## #.# #.#
##.......## #^#


You could see a jelly.

Vanquished Creatures
  2 adders
  An ooze (D:1)
  3 worms
  3 dart slugs
  A giant cockroach (D:1)
  6 goblins
  10 hobgoblins
  7 bats
  3 frilled lizards
  5 kobolds (D:1)
  9 rats
50 creatures vanquished.

Notes
Turn   | Place    | Note
-------+----------+-------------------------------------------
     0 | D:1      | PentaManta the Gargoyle Monk began the quest for the Orb.
     0 | D:1      | Reached XP level 1. HP: 14/14 MP: 1/1
    91 | D:1      | Reached XP level 2. HP: 17/19 MP: 2/2
   519 | D:1      | Reached XP level 3. HP: 19/24 MP: 3/3
  1051 | D:2      | HP: 1/24 [giant cockroach (1)]
  1070 | D:1      | HP: 1/24 [giant cockroach (2)]
  1504 | D:2      | Found an opulent altar of Gozag.
  1623 | D:2      | Reached skill level 1 in Armour
  1677 | D:2      | Reached XP level 4. HP: 20/29 MP: 4/4
  2476 | D:3      | Reached skill level 4 in Maces & Flails
  2712 | D:3      | Slain by a jelly

Levels and vault maps discovered:
D:1:      minmay_arrival_nine_rooms, layout_loops_ring
D:2:      layout_basic, first_ration, nicolae_gozag_seed_capital
D:3:      layout_loops_corners

Skill      XL: |  1  2  3  4 |
---------------+-------------+-----
Armour         | 1 |  1.4
Maces & Flails | 4 |  4.0
Fighting       | |  3.7
Dodging        | |  2.9
Stealth        | |  2.4

Action                   |  1- 3 |  4- 6 || total
-------------------------+-------+-------++-------
Melee: Whip              |   201 |   113 ||   314
  Use: Scroll            |     5 |     2 ||     7
 Stab: Sleeping          |     2 |     2 ||     4
  Eat: Chunk             |     2 |     4 ||     6
Armor: Robe              |     2 |       ||     2
       Leather armour    |    82 |    23 ||   105
Dodge: Dodged            |   159 |    50 ||   209
